 Dungeon Crawl Stone Soup version 0.27-a0-1140-g099f9bb0e8 (webtiles) character file.

Game seed: 15515103710673721282

154 Vomitron the Slasher (level 5, -2/47 HPs)
             Began as a Minotaur Delver on May 10, 2021.
             Slain by a gnoll
             ... wielding a +0 spear
              (3 damage)
             ... on level 5 of the Dungeon.
             The game lasted 00:02:30 (523 turns).

Vomitron the Slasher (Minotaur Delver)               Turns: 523, Time: 00:02:31

Health: -2/47      AC:  3    Str: 18    XL:     5   Next: 13%
Magic:  4/4        EV: 12    Int:  7    God:
Gold:   22         SH:  0    Dex: 11    Spells: 4/4 levels left

rFire    . . .     SeeInvis .   a - +0 falchion
rCold    . . .     Faith    .   (no shield)
rNeg     . . .     Spirit   .   b - +0 leather armour
rPois    .         Reflect  .   (helmet restricted)
rElec    .         Harm     .   (no cloak)
rCorr    .         Rampage  .   (no gloves)
Will     .....                  (no boots)
Stlth    ++........             (no amulet)
HPRegen  0.15/turn              (no ring)
MPRegen  0.09/turn              (no ring)

@: no status effects
A: horns 2, retaliatory headbutt
a: no special abilities


You were on level 5 of the Dungeon.
You visited 1 branch of the dungeon, and saw 2 of its levels.

You collected 22 gold pieces.

Inventory:

Hand Weapons
 a - a +0 falchion (weapon)
Armour
 b - a +0 leather armour (worn)
Wands
 g - a wand of digging (2)
Scrolls
 c - a scroll of fog
 d - a scroll of magic mapping
 e - a scroll of fear
 h - a scroll of teleportation {unknown}


   Skills:
 + Level 4.7 Fighting
 * Level 4.9 Long Blades
 + Level 2.7 Armour
 - Level 2.1 Dodging
 - Level 4.1 Stealth


You had 4 spell levels left.
You didn't know any spells.
Your spell library was empty.

Dungeon Overview and Level Annotations

Branches:
Dungeon (6/15)
 Temple: D:4-7

Altars:


Innate Abilities, Weirdness & Mutations

You have a pair of horns on your head.
You reflexively headbutt those who attack you in melee.


Message History

Found a fizzy cyan potion.
You hit the gnoll.
The gnoll is severely wounded.
The gnoll barely misses you.
You hit the gnoll but do no damage.
The gnoll is severely wounded.
The gnoll closely misses you. The gnoll barely misses you.
You barely miss the gnoll. Your headbutt misses the gnoll.
The gnoll is severely wounded.
The gnoll barely misses you.
You barely miss the gnoll.
The gnoll is severely wounded.
The gnoll hits you with a +0 club.
* * * LOW HITPOINT WARNING * * *
You barely miss the gnoll.
The gnoll is severely wounded.
The gnoll barely misses you.
You hit the gnoll but do no damage.
The gnoll is severely wounded.
The gnoll hits you but does no damage.
You barely miss the gnoll. You headbutt the gnoll.
You kill the gnoll!
Found 16 stones.
You see here a fizzy cyan potion.
There is a stone staircase leading down here.
The orc misses you. You furiously retaliate!
You headbutt the orc!
You kill the orc!
The gnoll throws a throwing net.
The throwing net hits you.
You become entangled in the net!
You stop descending the stairs.
Unknown command.
You struggle against the net.
You struggle against the net.
The gnoll barely misses you.
You struggle against the net.
The gnoll hits you from afar with a +0 spear!
* * * LOW HITPOINT WARNING * * *
You rip the net and break free!
The gnoll hits you from afar with a +0 spear.
* * * LOW HITPOINT WARNING * * *
The gnoll hits you from afar with a +0 spear.
You die...

#...g#...#..........
#........#..........
###..#..####..........
##...#.[.##............
###......#.##.##...#.....
..........#.##.#......##..
####(................###.#
#....)...............# .#
.........@)g....#.#..# .#
#...........##....#..#
.[.............##......
........................
...............#.........
$.....!.).......#........
....###.....[...#......
........##..##.....##..
...########[.#.#...#


You could see a gnoll.

Vanquished Creatures
  A phantom (D:5)
  An orc priest (D:5)
  A scorpion zombie (D:5)
  A gnoll (D:5)
  A white imp (D:5)
  4 orcs
9 creatures vanquished.

Notes
Turn   | Place    | Note
-------+----------+-------------------------------------------
     0 | D:5      | Vomitron the Minotaur Delver began the quest for the Orb.
     0 | D:5      | Reached XP level 1. HP: 19/19 MP: 0/0
    22 | D:5      | Noticed a scorpion
   337 | D:5      | Noticed a phantom
   363 | D:5      | Killed a phantom
   364 | D:5      | Reached XP level 2. HP: 24/28 MP: 1/1
   364 | D:5      | Reached XP level 3. HP: 30/34 MP: 2/2
   364 | D:5      | Reached XP level 4. HP: 36/41 MP: 3/3
   394 | D:5      | Reached XP level 5. HP: 24/47 MP: 4/4
   427 | D:6      | Noticed a necrophage
   522 | D:5      | HP: 1/47 [gnoll/+0 spear (4)]
   523 | D:5      | Slain by a gnoll

Illustrated notes

Levels and vault maps discovered:
D:5:      layout_rooms, eino_small_chamber_without_monster
D:6:      kennysheep_housing_project, layout_rooms, lightli_temple_of_fire,
          minmay_fractal_squares_diagonal_5, uniq_maggie

Skill      XL: |  1 |
---------------+----+-----
Fighting       | 4 |  4.7
Long Blades    | 4 |  4.9
Armour         | 2 |  2.7
Dodging        | |  2.1
Stealth        | |  4.1

Action                   |  1- 3 |  4- 6 || total
-------------------------+-------+-------++-------
Melee: Falchion          |    13 |    33 ||    46
       Headbutt          |     3 |    10 ||    13
Evoke: Wand              |       |     1 ||     1
  Use: Potion            |     1 |       ||     1
Armor: Leather armour    |       |     4 ||     4
Dodge: Dodged            |     7 |    23 ||    30
       Rpst.: Falchion   |     3 |     9 ||    12

Table legend: (Time is in decaauts)
 A = Elapsed time spent in this place.
 B = Non-inter-level travel time spent in this place.
 C = Inter-level travel time spent in this place.
 D = Time resting spent in this place.
 E = Time spent auto-exploring this place.
 F = Levels seen in this place.
 G = Mean time per level.
                   A        B        C        D        E       F      G
               +--------+--------+--------+--------+--------+-----+--------+
         Total |    510 |    510 |      0 |    291 |     26 |   2 |  255.0 |
       Dungeon |    510 |    510 |      0 |    291 |     26 |   2 |  255.0 |
               +--------+--------+--------+--------+--------+-----+--------+

Top non-repeatable levels by time:
     D:5: 460 daAuts
     D:6: 49 daAuts
